 Dungeon Crawl Stone Soup version 0.20.1-1-g8b1a95d (webtiles) character file.

906 KoningWillie the Chopper (level 7, -4/61 HPs)
             Began as a Minotaur Fighter on Oct 4, 2017.
             Slain by Duvessa
             ... wielding a +0 short sword
              (6 damage)
             ... on level 5 of the Dungeon.
             The game lasted 00:10:07 (3975 turns).

KoningWillie the Chopper (Minotaur Fighter)         Turns: 3975, Time: 00:10:07

Health: -4/61      AC: 13    Str: 28    XL:     7   Next: 81%
Magic:  2/2        EV:  9    Int:  5    God:
Gold:   253        SH: 10    Dex:  9    Spells: 6/6 levels left

rFire    . . .     SeeInvis .   j - +2 hand axe (antimagic)
rCold    . . .     Gourm    .   c - +0 shield
rNeg     . . .     Faith    .   b - +0 scale mail
rPois    +         Spirit   .   (helmet restricted)
rElec    .         Reflect  .   y - +2 cloak {rPois}
rCorr    .         Harm     .   h - +1 pair of gloves
MR       .....                  (no boots)
Stlth    ..........             (no amulet)
Regen    0.2/turn               (no ring)
MPRegen  0.1/turn               (no ring)

@: mighty
A: retaliatory headbutt, horns 2
a: no special abilities


You were on level 5 of the Dungeon.
You were not hungry.

You visited 1 branch of the dungeon, and saw 5 of its levels.

You collected 253 gold pieces.

Inventory:

Hand Weapons
 a - a +1 war axe
 j - a +2 antimagic hand axe (weapon)
Armour
 b - a +0 scale mail (worn)
 c - a +0 shield (worn)
 h - a +1 pair of gloves (worn)
 y - a +2 cloak of poison resistance (worn)
Jewellery
 l - an uncursed ring of ice
 z - an uncursed amulet of the gourmand {unknown}
Scrolls
 i - 2 scrolls of enchant armour
 m - a scroll of fear
 s - a scroll of remove curse
 t - a scroll of identify
 w - a scroll of enchant weapon
 x - a scroll of magic mapping
Potions
 d - 2 potions of might
 e - 2 potions of resistance
 g - a potion of haste {unknown}
 n - a potion of mutation {unknown}
 o - a potion of invisibility
 p - a potion of lignification
 q - 3 potions of flight {unknown}
 v - a potion of curing {unknown}
Comestibles
 f - 4 bread rations
 k - a royal jelly
 r - 6 fruits
 u - a meat ration


   Skills:
 + Level 5.4 Fighting
 + Level 7.0 Axes
 + Level 6.1 Armour
 + Level 2.1 Dodging
 + Level 0.6 Stealth
 + Level 5.6 Shields


You had 6 spell levels left.
You didn't know any spells.

Dungeon Overview and Level Annotations

Branches:
Dungeon (5/15)             Temple (0/1) D:4

Altars:
Dithmenos
Gozag
Okawaru
Qazlal
Sif Muna
Uskayaw
Yredelemnul

Annotations:
D:5 Duvessa


Innate Abilities, Weirdness & Mutations

You reflexively headbutt those who attack you in melee.
You have a pair of horns on your head.


Message History

Duvessa hits you with a short sword.
The crimson imp disappears for a moment.
Your shield and scale mail prevent you from hitting Duvessa.
Your headbutt misses Duvessa.
Duvessa is heavily wounded.
Duvessa hits you with a short sword! Duvessa misses you.
You hit Duvessa but do no damage.
Duvessa is heavily wounded.
Duvessa hits you with a short sword!
* * * LOW HITPOINT WARNING * * *
The crimson imp blinks!
You hit Duvessa.
Duvessa is heavily wounded.
Duvessa hits you with a short sword.
* * * LOW HITPOINT WARNING * * *
Duvessa hits you with a short sword.
* * * LOW HITPOINT WARNING * * *
You feel very mighty all of a sudden. Duvessa hits you with a short sword.
You die...

#########.#................
##...####.#######......#
#...............#......#
#...............#......+
#...............#......#
'._.............#......#
#########.......#......#
....... ####+####).....#
....... ........@e.....#
....... .............(.#
....... ...............#
....... ...............#
....... ...............#
####### ##+############# +
# #


You could see Duvessa (berserk).

Vanquished Creatures
  Pikel (D:4)
  Edmund (D:5)
  Dowan (D:5)
  Crazy Yiuf (D:4)
  A bullfrog skeleton (D:4)
  2 worker ants (D:4)
  A howler monkey zombie (D:5)
  A howler monkey skeleton (D:4)
  4 adders
  4 worms
  4 dart slugs
  3 leopard geckos
  9 orcs
  A ball python (D:2)
  6 bats
  3 giant cockroaches
  7 goblins
  6 hobgoblins
  7 jackals (D:3)
  8 kobolds
  5 quokkas
  8 frilled lizards
  7 rats
91 creatures vanquished.

Vanquished Creatures (others)
  Blork the orc (D:4)
  An adder skeleton (D:4)
2 creatures vanquished.

Grand Total: 93 creatures vanquished

Notes
Turn   | Place    | Note
-------+----------+-------------------------------------------
     0 | D:1      | KoningWillie the Minotaur Fighter began the quest for the Orb.
     0 | D:1      | Reached XP level 1. HP: 19/19 MP: 0/0
   365 | D:1      | Reached XP level 2. HP: 12/27 MP: 1/1
   923 | D:2      | Found an iron altar of Okawaru.
   932 | D:2      | Reached XP level 3. HP: 32/33 MP: 2/2
  1008 | D:2      | Reached skill level 3 in Axes
  1145 | D:2      | Found a shadowy altar of Dithmenos.
  1474 | D:3      | Reached XP level 4. HP: 41/41 MP: 3/3
  1609 | D:3      | Found an opulent altar of Gozag.
  1915 | D:3      | Found a deep blue altar of Sif Muna.
  2153 | D:4      | Noticed Pikel
  2153 | D:4      | Noticed a slave
  2153 | D:4      | Noticed a slave
  2153 | D:4      | Noticed a slave
  2153 | D:4      | Noticed a slave
  2585 | D:4      | Reached skill level 4 in Axes
  2614 | D:4      | Found a staircase to the Ecumenical Temple.
  2622 | D:4      | Reached XP level 5. HP: 47/47 MP: 1/4
  2654 | D:4      | Found a hide-covered altar of Uskayaw.
  2673 | D:4      | HP: 1/47 [Pikel/whip of electrocution (9)]
  2676 | D:4      | Killed Pikel
  2676 | D:4      | Reached skill level 5 in Fighting
  2676 | D:4      | Reached skill level 6 in Axes
  2676 | D:4      | Reached skill level 5 in Armour
  2676 | D:4      | Reached skill level 1 in Dodging
  2676 | D:4      | Reached skill level 5 in Shields
  2676 | D:4      | Reached XP level 6. HP: 2/56 MP: 1/5
  2676 | D:4      | Reached XP level 7. HP: 2/61 MP: 2/6
  2994 | D:4      | Killed Blork the orc
  3262 | D:4      | Found a runed door.
  3560 | D:4      | Noticed Crazy Yiuf
  3566 | D:4      | Killed Crazy Yiuf
  3654 | D:5      | Entered Level 5 of the Dungeon
  3686 | D:5      | Found a stormy altar of Qazlal.
  3890 | D:5      | Found a basalt altar of Yredelemnul.
  3909 | D:5      | Noticed Edmund
  3926 | D:5      | Killed Edmund
  3942 | D:5      | Noticed Duvessa
  3956 | D:5      | Noticed Dowan
  3961 | D:5      | Killed Dowan
  3961 | D:5      | Reached skill level 7 in Axes
  3974 | D:5      | HP: 2/61 [Duvessa/short sword (3)]
  3975 | D:5      | Slain by Duvessa

Skill      XL: |  1  2  3  4  5  6  7 |
---------------+----------------------+-----
Fighting       | 4 5 |  5.4
Shields        | 4 5 |  5.6
Armour         | 4 5 6 |  6.1
Axes           | 3 4 6 7 |  7.0
Dodging        | 1 2 |  2.1
Stealth        | |  0.6

Action                   |  1- 3 |  4- 6 |  7- 9 || total
-------------------------+-------+-------+-------++-------
Melee: War axe           |    87 |    63 |       ||   150
       Headbutt          |    10 |    17 |    15 ||    42
       Hand axe          |       |    33 |    69 ||   102
  Use: Scroll            |     5 |     2 |     2 ||     9
       Potion            |       |     1 |     4 ||     5
  Eat: Meat ration       |     1 |       |       ||     1
       Chunk             |       |     1 |     2 ||     3
       Bread ration      |       |       |     1 ||     1
Armor: Scale mail        |    57 |    36 |    20 ||   113
Dodge: Dodged            |    29 |    30 |    15 ||    74
Block: Shield            |    56 |    50 |    30 ||   136
